AoeStats
← imoamce

Golden Pit

509747791Analyzed
1v1 RM · 3d ago on Sep 27, 2026· 33m 10s· 2 players
Game mode
Random Map
Map size
Tiny (2 player)
Population
200
Speed
Normal
Resources
Standard
Victory
Conquest
Starting age
Dark Age
Ending age
Imperial Age
RankedLock teamsTeams togetherTeam positionsShared explorationLock speedFull tech treeHidden civsTurbo modeCheats
Victory
Defeat
🇦🇺 Mongols · Australia
343
+8
🇲🇽 Burgundians · Mexico
138
-8
Janet
10:56 Feudal Age
10:55 Loom
12:15 Double-Bit Axe
12:12 Horse Collar
20:42 Bloodlines
22:55 Castle Age
21:16 Bloodlines
23:13 Light Cavalry
29:38 Fletching
29:49 Padded Archer Armor
imoamce
0:39 Loom
1:30 Wheelbarrow
21:06 Horse Collar
23:00 Feudal Age
21:27 Gold Mining
21:34 Double-Bit Axe
24:28 Bow Saw
24:25 Town Watch
Connection lost

Rejoining the realm…

Still unreachable

The connection could not be restored.

Session expired

The server has moved on; the page needs a fresh start.